MWL (24 & UNDER)
WISCONSIN RAPIDS RANGERS @ MINNESOTA DEATH STARS
07/24/2024
 
TOP OF THE 1ST
Wisconsin Rapids Rangers batting - Pitching for Minnesota Death Stars : RHP Ángel Uribe
Pitching: RHP Ángel Uribe
Batting: RHB Troy Reed 0-0: Foul Ball, location: 2F
0-1: Ball
1-1: Ball
2-1: Ball
3-1: Base on Balls
Batting: LHB Alex Henderson 0-0: Ball
1-0: Fly out, F8 (Flyball, 8RM)
Batting: SHB José López 0-0: Fielders Choice at 2nd, 4-6 (Groundball, 34)
Batting: RHB Danny Campbell 0-0: Ball
1-0: Swinging Strike
1-1: Swinging Strike
1-2: Ball
2-2: Foul Ball, location: 2F
2-2: Foul Ball, location: 2F
2-2: Strikes out swinging
Top of the 1st over - 0 run(s), 0 hit(s), 0 error(s), 1 left on base; Wisconsin Rapids 0 - Minnesota 0
BOTTOM OF THE 1ST
Minnesota Death Stars batting - Pitching for Wisconsin Rapids Rangers : LHP Manuel Perea
Pitching: LHP Manuel Perea
Batting: RHB José Pérez 0-0: Called Strike
0-1: Foul Ball, location: 2F
0-2: Foul Ball, location: 2F
0-2: Ball
1-2: Fly out, F9 (Flyball, 89S)
Batting: RHB Peter Dixon 0-0: Ball
1-0: Called Strike
1-1: Ball
2-1: Ball
3-1: Called Strike
3-2: Strikes out swinging
Batting: LHB Chris Loudermilk 0-0: Ground out 6-3 (Groundball, 6)
Bottom of the 1st over - 0 run(s), 0 hit(s), 0 error(s), 0 left on base; Wisconsin Rapids 0 - Minnesota 0
TOP OF THE 2ND
Wisconsin Rapids Rangers batting - Pitching for Minnesota Death Stars : RHP Ángel Uribe
Batting: RHB John Denton 0-0: Foul Ball, location: 2F
0-1: Ball
1-1: Swinging Strike
1-2: Ball
2-2: Foul Ball, location: 2F
2-2: Ball
3-2: Strikes out swinging
Batting: RHB Dick Slagboom 0-0: Swinging Strike
0-1: Ball
1-1: Foul Ball, location: 2F
1-2: Strikes out swinging
Batting: RHB Vernon Romo 0-0: Ball
1-0: Called Strike
1-1: Ball
2-1: Ball
3-1: Base on Balls
Batting: RHB James Jenkins 0-0: Ball
1-0: Called Strike
1-1: Foul Ball, location: 2F
1-2: SINGLE (Groundball, 6M)
Vernon Romo to second
Runner from 2nd tries for 3rd, SAFE, throw made to third
Batting: RHB Robert Acosta 0-0: Ball
1-0: Foul Ball, location: 2F
1-1: Ball
2-1: Called Strike
2-2: Ground out 6-3 (Groundball, 6)
Top of the 2nd over - 0 run(s), 1 hit(s), 0 error(s), 2 left on base; Wisconsin Rapids 0 - Minnesota 0
BOTTOM OF THE 2ND
Minnesota Death Stars batting - Pitching for Wisconsin Rapids Rangers : LHP Manuel Perea
Batting: RHB Herb Ashley 0-0: Ball
1-0: Ball
2-0: Reached on error, E5 (Groundball, 5)
Batting: RHB Jorge Martínez 0-0: Ball
1-0: Grounds into double play, 5-4-3 (Groundball, 5L)
Batting: LHB Sixto Cortés 0-0: Ball
1-0: Foul Ball, location: 2F
1-1: Ball
2-1: Ball
3-1: Foul Ball, location: 2F
3-2: Base on Balls
Batting: LHB Lucas Coleman 0-0: Ball
1-0: Swinging Strike
1-1: Ground out 3-1 (Groundball, 3)
Bottom of the 2nd over - 0 run(s), 0 hit(s), 1 error(s), 1 left on base; Wisconsin Rapids 0 - Minnesota 0
TOP OF THE 3RD
Wisconsin Rapids Rangers batting - Pitching for Minnesota Death Stars : RHP Ángel Uribe
Batting: RHB Troy Reed 0-0: Called Strike
0-1: SINGLE (Groundball, 6MD)
Batting: LHB Alex Henderson 0-0: Ball
1-0: Ball
2-0: Called Strike
2-1: Fly out, F8 (Flyball, 8LS)
Batting: SHB José López 0-0: Fly out, F8 (Line Drive, 8LM)
Batting: RHB Danny Campbell 0-0: Ball
1-0: Called Strike
Troy Reed steals 2nd base
1-1: Ball
2-1: Swinging Strike
2-2: Foul Ball, location: 2F
2-2: Ball
3-2: Fly out, F7 (Flyball, 78M)
Top of the 3rd over - 0 run(s), 1 hit(s), 0 error(s), 1 left on base; Wisconsin Rapids 0 - Minnesota 0
BOTTOM OF THE 3RD
Minnesota Death Stars batting - Pitching for Wisconsin Rapids Rangers : LHP Manuel Perea
Batting: RHB Leslie Penn 0-0: Ball
1-0: Ball
2-0: Called Strike
2-1: Fly out, F2 (Popup, 2R)
Batting: RHB John Brown 0-0: Swinging Strike
0-1: Called Strike
0-2: Strikes out looking
Batting: RHB José Pérez 0-0: Swinging Strike
0-1: Called Strike
0-2: SINGLE (Line Drive, 56)
Batting: RHB Peter Dixon 0-0: Called Strike
0-1: Ball
1-1: Foul Ball, location: 2F
1-2: Strikes out swinging
Bottom of the 3rd over - 0 run(s), 1 hit(s), 0 error(s), 1 left on base; Wisconsin Rapids 0 - Minnesota 0
TOP OF THE 4TH
Wisconsin Rapids Rangers batting - Pitching for Minnesota Death Stars : RHP Ángel Uribe
Batting: RHB John Denton 0-0: Foul Ball, location: 2F
0-1: Ball
1-1: Ball
2-1: Called Strike
2-2: Strikes out swinging
Batting: RHB Dick Slagboom 0-0: Hit by Pitch
Batting: RHB Vernon Romo 0-0: Ball
1-0: Called Strike
1-1: Ball
2-1: Ball
3-1: Foul Ball, location: 2F
3-2: Fly out, F1 (Line Drive, 13)
Batting: RHB James Jenkins 0-0: Foul Ball, location: 2F
0-1: Swinging Strike
0-2: Strikes out swinging
Top of the 4th over - 0 run(s), 0 hit(s), 0 error(s), 1 left on base; Wisconsin Rapids 0 - Minnesota 0
BOTTOM OF THE 4TH
Minnesota Death Stars batting - Pitching for Wisconsin Rapids Rangers : LHP Manuel Perea
Batting: LHB Chris Loudermilk 0-0: Ball
1-0: Fly out, F6 (Line Drive, 6)
Batting: RHB Herb Ashley 0-0: Ball
1-0: Called Strike
1-1: Ground out 3-1 (Groundball, 3)
Batting: RHB Jorge Martínez 0-0: Foul Ball, location: 2F
0-1: Ball
1-1: Foul Ball, location: 2F
1-2: Ball
2-2: Strikes out swinging
Bottom of the 4th over - 0 run(s), 0 hit(s), 0 error(s), 0 left on base; Wisconsin Rapids 0 - Minnesota 0
TOP OF THE 5TH
Wisconsin Rapids Rangers batting - Pitching for Minnesota Death Stars : RHP Ángel Uribe
Batting: RHB Robert Acosta 0-0: Ground out 5-3 (Groundball, 56)
Batting: RHB Troy Reed 0-0: Ball
1-0: Foul Ball, location: 2F
1-1: Foul Ball, location: 2F
1-2: Ball
2-2: Ground out 1-3 (Groundball, 13S)
Batting: LHB Alex Henderson 0-0: Ball
1-0: Ball
2-0: Foul Ball, location: 2F
2-1: Ground out U3 (Groundball, 3)
Top of the 5th over - 0 run(s), 0 hit(s), 0 error(s), 0 left on base; Wisconsin Rapids 0 - Minnesota 0
BOTTOM OF THE 5TH
Minnesota Death Stars batting - Pitching for Wisconsin Rapids Rangers : LHP Manuel Perea
Batting: LHB Sixto Cortés 0-0: Swinging Strike
0-1: Ball
1-1: Swinging Strike
1-2: Foul Ball, location: 2F
1-2: Ball
2-2: Ball
3-2: Strikes out looking
Batting: LHB Lucas Coleman 0-0: Ball
1-0: Called Strike
1-1: Called Strike
1-2: Strikes out swinging
Batting: RHB Leslie Penn 0-0: Foul Ball, location: 2F
0-1: Ball
1-1: Foul Ball, location: 2F
1-2: Foul Ball, location: 2F
1-2: Strikes out swinging
Bottom of the 5th over - 0 run(s), 0 hit(s), 0 error(s), 0 left on base; Wisconsin Rapids 0 - Minnesota 0
TOP OF THE 6TH
Wisconsin Rapids Rangers batting - Pitching for Minnesota Death Stars : RHP Ángel Uribe
Batting: SHB José López 0-0: Ball
1-0: Ball
2-0: Called Strike
2-1: Ball
3-1: Base on Balls
Batting: RHB Danny Campbell 0-0: Ball
1-0: Called Strike
1-1: Ball
2-1: Foul Ball, location: 2F
2-2: Foul Ball, location: 2F
2-2: Ball
José López steals 2nd base
3-2: Fly out, F9 (Flyball, 89S)
Batting: RHB John Denton 0-0: Intentional Walk
Pitching: RHP Octávio López
Batting: RHB Dick Slagboom 0-0: Foul Ball, location: 2F
0-1: Called Strike
0-2: Fly out, F6 (Popup, 56D)
Batting: RHB Vernon Romo 0-0: Ball
1-0: Ball
2-0: Called Strike
2-1: Swinging Strike
2-2: Ball
3-2: Base on Balls
José López to third
John Denton to second
Batting: RHB James Jenkins 0-0: Swinging Strike
0-1: Ball
1-1: Swinging Strike
1-2: Strikes out swinging
Top of the 6th over - 0 run(s), 0 hit(s), 0 error(s), 3 left on base; Wisconsin Rapids 0 - Minnesota 0
BOTTOM OF THE 6TH
Minnesota Death Stars batting - Pitching for Wisconsin Rapids Rangers : LHP Manuel Perea
Batting: RHB John Brown 0-0: Ball
1-0: Ball
2-0: Swinging Strike
2-1: Swinging Strike
2-2: Strikes out swinging
Batting: RHB José Pérez 0-0: Called Strike
0-1: Ball
1-1: Ball
2-1: Foul Ball, location: 2F
2-2: Strikes out swinging
Batting: RHB Peter Dixon 0-0: Ball
1-0: Fly out, F8 (Flyball, 8LM)
Bottom of the 6th over - 0 run(s), 0 hit(s), 0 error(s), 0 left on base; Wisconsin Rapids 0 - Minnesota 0
TOP OF THE 7TH
Wisconsin Rapids Rangers batting - Pitching for Minnesota Death Stars : RHP Octávio López
Pinch Hitting: RHB Paul Richard 0-0: SINGLE (Groundball, 34)
Batting: RHB Troy Reed 0-0: Bunted foul
0-1: Ball
1-1: Sac Bunt - play at first, batter OUT! 5-4
Paul Richard to second
Batting: LHB Alex Henderson 0-0: Called Strike
0-1: Called Strike
0-2: Fly out, F9 (Flyball, 9M)
Runner from 2nd tags up, OUT at 3rd
Top of the 7th over - 0 run(s), 1 hit(s), 0 error(s), 0 left on base; Wisconsin Rapids 0 - Minnesota 0
BOTTOM OF THE 7TH
Minnesota Death Stars batting - Pitching for Wisconsin Rapids Rangers : LHP Manuel Perea
Now at 2B: James Green
Batting: LHB Chris Loudermilk 0-0: Called Strike
0-1: Ball
1-1: Foul Ball, location: 2F
1-2: Fly out, F9 (Flyball, 8RS)
Batting: RHB Herb Ashley 0-0: TRIPLE (Flyball, 78XD)
Batting: RHB Jorge Martínez 0-0: Intentional Walk
Pitching: RHP Chuck Plummer
Batting: LHB Sixto Cortés 0-0: Ball
1-0: Swinging Strike
1-1: Foul Ball, location: 2F
1-2: Fly out, F8 (Line Drive, 8RM)
Runner from 3rd tags up, SCORES, throw made
Batting: LHB Lucas Coleman 0-0: Called Strike
0-1: Ball
1-1: Ball
2-1: Swinging Strike
2-2: Strikes out looking
Bottom of the 7th over - 1 run(s), 1 hit(s), 0 error(s), 1 left on base; Wisconsin Rapids 0 - Minnesota 1
TOP OF THE 8TH
Wisconsin Rapids Rangers batting - Pitching for Minnesota Death Stars : RHP Octávio López
Pitching: RHP Dylan Versluis
Batting: SHB José López 0-0: Ball
1-0: Ball
2-0: Ball
3-0: Called Strike
3-1: Ground out U3 (Groundball, 3L)
Batting: RHB Danny Campbell 0-0: Swinging Strike
0-1: Ball
1-1: Called Strike
1-2: SINGLE (Groundball, 4MD)
Pinch Hitting: SHB Ricardo Arévalo 0-0: Called Strike
0-1: Ball
1-1: Ball
2-1: Foul Ball, location: 2F
2-2: Foul Ball, location: 2F
2-2: Ball
3-2: Strikes out looking
Batting: RHB Dick Slagboom 0-0: Called Strike
0-1: SINGLE (Line Drive, 4M)
Danny Campbell to second
Batting: RHB Vernon Romo 0-0: Ball
1-0: Ball
2-0: Called Strike
2-1: Swinging Strike
2-2: Ground out 1-3 (Groundball, 15)
Top of the 8th over - 0 run(s), 2 hit(s), 0 error(s), 2 left on base; Wisconsin Rapids 0 - Minnesota 1
BOTTOM OF THE 8TH
Minnesota Death Stars batting - Pitching for Wisconsin Rapids Rangers : RHP Chuck Plummer
Now in RF: Salvador Vázquez
Batting: RHB Leslie Penn 0-0: DOUBLE (Flyball, 78XD)
Batting: RHB John Brown 0-0: Fly out, F9 (Flyball, 9M)
Batting: RHB José Pérez 0-0: Foul Ball, location: 2F
0-1: Foul Ball, location: 2F
0-2: Ground out 5-3 (Groundball, 5S)
Leslie Penn to third
Batting: RHB Peter Dixon 0-0: Ball
1-0: Ball
2-0: Called Strike
2-1: Ground out 6-3 (Groundball, 56)
Bottom of the 8th over - 0 run(s), 1 hit(s), 0 error(s), 1 left on base; Wisconsin Rapids 0 - Minnesota 1
TOP OF THE 9TH
Wisconsin Rapids Rangers batting - Pitching for Minnesota Death Stars : RHP Dylan Versluis
Pitching: RHP Howard Jewel
Batting: RHB James Jenkins 0-0: Ball
1-0: Ball
2-0: Called Strike
2-1: Foul Ball, location: 2F
2-2: Ball
3-2: Strikes out looking
Batting: RHB James Green 0-0: Ball
1-0: Ball
2-0: Ground out 6-3 (Groundball, 6M)
Batting: RHB Troy Reed 0-0: Foul Ball, location: 2F
0-1: Ground out 6-3 (Groundball, 6)
Top of the 9th over - 0 run(s), 0 hit(s), 0 error(s), 0 left on base; Wisconsin Rapids 0 - Minnesota 1
This league is powered by Out of the Park Baseball, the baseball management simulation game for PC, Mac and Linux
Saturday, April 9th, 2016 - OOTP Baseball 16.8 Build 38